 Dungeon Crawl Stone Soup version 0.22.1-1-ga44c0e5 (webtiles) character file.

1639 Merlin the Ruffian (level 8, -12/75 HPs)
             Began as a Troll Conjurer on Oct 11, 2018.
             Was a Follower of Nemelex Xobeh.
             Shot with a sling bullet by Joseph (22 damage)
             ... on level 7 of the Dungeon.
             The game lasted 00:27:37 (4197 turns).

Merlin the Ruffian (Troll Conjurer)                 Turns: 4197, Time: 00:27:37

Health: -12/75     AC:  6    Str: 17    XL:     8   Next: 66%
Magic:  10/10      EV: 10    Int: 13    God:    Nemelex Xobeh [*.....]
Gold:   213        SH:  0    Dex: 10    Spells: 6/9 levels left

rFire    . . .     SeeInvis .     - Unarmed
rCold    . . .     Gourm    +   (no shield)
rNeg     . . .     Faith    .   a - +0 robe
rPois    .         Spirit   .   (helmet restricted)
rElec    .         Reflect  +   v - +0 cloak
rCorr    .         Harm     .   (gloves unavailable)
MR       +....                  (boots unavailable)
Stlth    +.........             h - +3 amulet of reflection
HPRegen  0.62/turn              q - ring of protection from magic
MPRegen  0.12/turn              (no ring)

@: confused, drained
A: large, unfitting armour, claws 3, fast metabolism 3, gourmand, regeneration
1, shaggy fur 1, tough skin 2
a: Renounce Religion


You were on level 7 of the Dungeon.
You worshipped Nemelex Xobeh.
Nemelex Xobeh was aware of your devotion.
You were completely stuffed.

You visited 2 branches of the dungeon, and saw 8 of its levels.

You collected 213 gold pieces.

Inventory:

Missiles
 b - 195 stones
 D - a throwing net (quivered)
Armour
 a - a +0 robe (worn)
 v - a +0 cloak (worn)
Jewellery
 d - an uncursed amulet of faith
 h - a +3 amulet of reflection (around neck)
 q - a ring of protection from magic (left claw)
Wands
 k - a wand of iceblast (11)
 u - a wand of enslavement (6)
Scrolls
 g - 6 scrolls of remove curse
 j - a scroll of identify
 l - 2 scrolls of immolation
 o - 2 scrolls of magic mapping {unknown}
 s - 3 scrolls of enchant weapon {unknown}
 B - a scroll of fog {unknown}
Potions
 i - 2 potions of degeneration {unknown}
 m - 3 potions of curing {unknown}
 n - a potion of lignification {unknown}
 p - 2 potions of might
 t - a potion of brilliance {unknown}
 w - 2 potions of haste
 x - a potion of magic {unknown}
 z - a potion of flight {unknown}
 C - a potion of cancellation {unknown}
Miscellaneous
 r - a plain deck of escape {drawn: 1}
 y - a plain deck of summoning {drawn: 1}
 E - a plain deck of destruction {drawn: 1}
Comestibles
 c - 18 rations
 A - 2 chunks of flesh


   Skills:
 + Level 3.3(2.6) Fighting
 + Level 3.6(2.8) Dodging
 - Level 1.0(0.3) Stealth
 * Level 7.8(6.9) Unarmed Combat
 - Level 1.2(0.5) Spellcasting
 - Level 3.1(2.4) Conjurations
 + Level 4.1(3.3) Invocations


You had 6 spell levels left.
You knew the following spells:

 Your Spells              Type           Power        Failure   Level  Hunger
a - Magic Dart            Conj           #...         11%         1    ##.....
b - Searing Ray           Conj           #.....       17%         2    ###....

Your spell library contained the following spells:

 Spells                   Type           Power        Failure   Level  Hunger
 Shock                    Conj/Air       #...         19%         1    ##.....
 Summon Small Mammal      Summ           #...         30%         1    ##.....
 Call Imp                 Summ           #.......     41%         2    ###....
 Swiftness                Chrm/Air       #.......     41%         2    ###....
 Dazzling Spray           Conj/Hex       #.....       47%         3    ####...
 Static Discharge         Conj/Air       #.......     47%         3    ####...
 Call Canine Familiar     Summ           #.......     65%         3    ####...
 Summon Guardian Golem    Hex/Summ       #.......     65%         3    ####...
 Iskenderun's Mystic Bla  Conj           #.......     73%         4    #####..
 Force Lance              Conj/Tloc      #.......     87%         4    #####..
 Fulminant Prism          Conj/Hex       #.........   87%         4    #####..
 Airstrike                Air            #.........   96%         4    #####..
 Summon Ice Beast         Ice/Summ       #.......     96%         4    #####..
 Summon Lightning Spire   Summ/Air       #.......     96%         4    #####..
 Lightning Bolt           Conj/Air       #.........   99%         5    ######.


Dungeon Overview and Level Annotations

Branches:
Dungeon (7/15)             Temple (1/1) D:4

Altars:
Ashenzari
Dithmenos
Elyvilon
Fedhas
Gozag
Hepliaklqana
Kikubaaqudgha
Nemelex Xobeh
Qazlal
Ru
Trog
Uskayaw
Vehumet
Wu Jian
Xom
Yredelemnul
Zin
The Shining One

Shops:
D:5 :   D:6 (

Annotations:
D:7 Joseph


Innate Abilities, Weirdness & Mutations

You are too large for most types of armour.
You have claws for hands.
Your metabolism is lightning-fast.
You like to eat raw meat.
Your natural rate of healing is unusually fast.
You are covered in fur. (AC +1)
You have very tough skin. (AC +2)


Message History

Joseph is almost dead.
Joseph hits you with an uncursed quarterstaff!
* * * LOW HITPOINT WARNING * * *
You barely miss Joseph.
Joseph is almost dead.
Joseph no longer looks unusually strong.
Joseph hits you with an uncursed quarterstaff!
* * * LOW HITPOINT WARNING * * *
Press: ? - help, v - describe, . - travel
Here: Joseph, wielding a quarterstaff and wearing a leather armour (almost The floor, spattered with blood.
You are confused.
You feel invigorated.
Joseph hits you with an uncursed quarterstaff!
* * * LOW HITPOINT WARNING * * *
Joseph unwields an uncursed quarterstaff.
Joseph wields an uncursed hunting sling.
Joseph shoots a sling bullet.
The sling bullet hits you!!
You die...
Your body disappears without a glow.

#.###.####......
#.# #.# ###..##
#.# #.# #....
#.###.######..#.
###...............
#.......#.#..##.#.
#.#.#####.#..##.##
#.#...>.........#.
#@#######.#..###..
#(# #. .......
#@#######. #.###..
#......?.. ##.
#............. ##
##############


You could see Joseph.

Vanquished Creatures
  An ice beast (D:5)
  3 black bears (D:6)
  3 necrophages (D:6)
  2 ogres
  A scorpion (D:6)
  3 wights (D:7)
  A howler monkey (D:4)
  3 crimson imps (D:5)
  A hound (D:6)
  An orc wizard (D:6)
  2 iguanas (D:6)
  3 worker ants
  2 howler monkey zombies (D:6)
  8 adders
  2 oozes
  2 worms (D:3)
  A dart slug (D:2)
  A leopard gecko (D:1)
  5 orcs
  5 giant cockroaches
  7 goblins
  9 hobgoblins
  6 jackals
  6 kobolds
  2 quokkas
  A ball python zombie (D:5)
  5 bats
  2 frilled lizards
  A jackal zombie (D:6)
  A leopard gecko skeleton (D:5)
  A quokka zombie (D:6)
  8 rats
99 creatures vanquished.

Vanquished Creatures (collateral kills)
  Grinder (D:6)
  A bullfrog (D:6)
  2 orcs (D:6)
4 creatures vanquished.

Vanquished Creatures (others)
  A bush (D:6)
  4 plants (D:6)
5 creatures vanquished.

Grand Total: 108 creatures vanquished

Notes
Turn   | Place    | Note
-------+----------+-------------------------------------------
     0 | D:1      | Merlin the Troll Conjurer began the quest for the Orb.
     0 | D:1      | Reached XP level 1. HP: 16/16 MP: 1/1
   220 | D:1      | Reached skill level 1 in Unarmed Combat
   253 | D:1      | Reached XP level 2. HP: 25/26 MP: 2/2
   774 | D:1      | Reached skill level 2 in Unarmed Combat
   834 | D:2      | Reached skill level 1 in Fighting
   838 | D:2      | Reached XP level 3. HP: 26/33 MP: 1/3
  1043 | D:2      | Learned a level 2 spell: Searing Ray
  1147 | D:2      | Reached skill level 3 in Unarmed Combat
  1147 | D:2      | Reached XP level 4. HP: 40/41 MP: 2/4
  1889 | D:4      | Found a staircase to the Ecumenical Temple.
  1895 | Temple   | Entered the Ecumenical Temple
  1947 | Temple   | Became a worshipper of Nemelex Xobeh the Trickster
  1987 | D:4      | Found a shattered altar of Ashenzari.
  2008 | D:4      | Reached skill level 4 in Unarmed Combat
  2008 | D:4      | Reached XP level 5. HP: 49/49 MP: 5/5
  2142 | D:4      | Received a gift from Nemelex Xobeh
  2530 | D:5      | Entered Level 5 of the Dungeon
  2610 | D:5      | Reached XP level 6. HP: 59/59 MP: 2/6
  2650 | D:5      | Reached skill level 5 in Unarmed Combat
  2743 | D:5      | Reached skill level 1 in Invocations
  2828 | D:5      | Noticed an ice beast
  2836 | D:5      | Killed an ice beast
  3021 | D:5      | Reached XP level 7. HP: 60/66 MP: 7/7
  3094 | D:5      | Found Zaghupn's Book Shoppe.
  3250 | D:6      | Received a gift from Nemelex Xobeh
  3262 | D:6      | Noticed Grinder
  3277 | D:6      | Killed Grinder
  3277 | D:6      | Reached skill level 6 in Unarmed Combat
  3421 | D:6      | Found a blossoming altar of Fedhas.
  3454 | D:6      | Reached * piety under Nemelex Xobeh
  3508 | D:6      | Found a basalt altar of Yredelemnul.
  3526 | D:6      | Reached XP level 8. HP: 70/74 MP: 9/9
  3539 | D:6      | Found a bloodstained altar of Trog.
  3586 | D:6      | Found Loekkiad's Antique Weapon Shop.
  3695 | D:6      | Reached skill level 7 in Unarmed Combat
  4123 | D:7      | Received a gift from Nemelex Xobeh
  4162 | D:7      | Noticed Joseph
  4197 | D:7      | Shot with a sling bullet by Joseph

Skill      XL: |  1  2  3  4  5  6  7  8 |
---------------+-------------------------+-----
Unarmed Combat | 1 2 3 4 5 6 7 |  7.8
Fighting       | 1 2 3 |  3.3
Conjurations   | 3 |  3.1
Invocations    | 2 3 4 |  4.1
Dodging        | 2 3 |  3.6
Stealth        | |  1.0
Spellcasting   | |  1.2

Action                   |  1- 3 |  4- 6 |  7- 9 || total
-------------------------+-------+-------+-------++-------
Melee: Unarmed           |    79 |   158 |   125 ||   362
       Punch             |       |       |     3 ||     3
Throw: Stone             |     4 |       |       ||     4
 Cast: Magic Dart        |    10 |    14 |     8 ||    32
       Searing Ray       |     1 |     1 |     3 ||     5
Evoke: Deck              |       |     1 |     2 ||     3
  Use: Scroll            |       |     4 |     2 ||     6
       Potion            |       |     1 |     5 ||     6
 Stab: Sleeping          |       |     4 |       ||     4
  Eat: Chunk             |    13 |    18 |    11 ||    42
       Ration            |     1 |       |       ||     1
Armor: Robe              |    31 |    41 |    19 ||    91
Dodge: Dodged            |    64 |    56 |    48 ||   168
Block: Other             |       |     9 |    17 ||    26
       Reflection        |       |       |     1 ||     1
